 Dungeon Crawl Stone Soup version 0.25-b1-23-ge2ad7d536c (webtiles) character file.

Game seed: 15293264351721717923, levelgen mode: deterministic

250 snowfan the Magician (level 5, -1/35 HPs)
             Began as a Mummy Venom Mage on May 30, 2020.
             Was an Initiate of Vehumet.
             Killed by divine providence
             ... invoked by an orc priest
              (12 damage)
             ... on level 3 of the Dungeon.
             The game lasted 00:10:01 (1968 turns).

snowfan the Magician (Mummy Venom Mage)             Turns: 1968, Time: 00:10:02

Health: -1/35      AC:  3    Str: 11    XL:     5   Next: 88%
Magic:  5/15       EV: 12    Int: 16    God:    Vehumet [......]
Gold:   53         SH:  0    Dex: 12    Spells: 13/19 levels left

rFire    x . .     SeeInvis .   h - +0 hunting sling
rCold    + . .     Gourm    .   (no shield)
rNeg     + + +     Faith    .   e - +0 robe
rPois    ∞         Spirit   .   (no helmet)
rElec    .         Reflect  .   (no cloak)
rCorr    .         Harm     .   m - +0 pair of gloves
MR       .....                  (no boots)
Stlth    ++........             (no amulet)
HPRegen  0.11/turn              c - ring of wizardry
MPRegen  0.14/turn              (no ring)

@: no status effects
A: no food or potions, fire vulnerability, cold resistance 1, negative energy
resistance 3, torment resistance, unbreathing
a: Renounce Religion


You were on level 3 of the Dungeon.
You worshipped Vehumet.
Vehumet was noncommittal.
You were not hungry.

You visited 2 branches of the dungeon, and saw 5 of its levels.

You collected 53 gold pieces.

Inventory:

Hand Weapons
 d - a +0 dagger
 h - a +0 hunting sling (weapon)
Missiles
 b - 46 stones (quivered)
 l - 20 sling bullets
Armour
 e - a +0 robe (worn)
 m - a +0 pair of gloves (worn)
Jewellery
 c - a ring of wizardry (left hand)
Wands
 n - a wand of paralysis (7)
Scrolls
 a - 3 scrolls of enchant armour {unknown}
 f - 3 scrolls of fear {unknown}
 g - 2 scrolls of teleportation {unknown}
 i - a scroll of identify {unknown}
 j - a scroll of random uselessness {unknown}
 k - a scroll of immolation {unknown}


   Skills:
 - Level 1.5 Dodging
 - Level 1.5 Stealth
 + Level 7.6 Spellcasting
 - Level 0.7 Transmutations
 - Level 2.4 Poison Magic


You had 13 spell levels left.
You knew the following spells:

 Your Spells              Type           Power        Failure   Level  Hunger
a - Sting                 Tmut/Pois      ##..         2%          1    N/A
c - Mephitic Cloud        Conj/Pois/Air  #.......     11%         3    N/A
v - Poisonous Vapours     Pois/Air       #.....       4%          2    N/A

Your spell library contained the following spells:

 Spells                   Type           Power        Failure   Level  Hunger
 Ignite Poison            Fire/Tmut/Pois #.......     9%          3    N/A
 Olgreb's Toxic Radiance  Pois           ##......     17%         4    N/A

Dungeon Overview and Level Annotations

Branches:
Dungeon (4/15)             Temple (1/1) D:4

Altars:
Ashenzari
Dithmenos
Gozag
Hepliaklqana
Sif Muna
Uskayaw
Vehumet
Zin
The Shining One

Shops:
D:4 [


Innate Abilities, Weirdness & Mutations

You do not eat or drink.
Your flesh is vulnerable to fire.
You are immune to poison.
Your flesh is cold resistant. (rC+)
You are immune to negative energy. (rN+++)
You are immune to unholy pain and torment.
You can survive without breathing.


Message History

Aim: a goblin (severely wounded) Poisonous vapours surround the goblin!
The bat misses you.
The goblin is engulfed in poison gas.
The goblin is poisoned.
You kill the goblin!
Vehumet accepts your kill.
Casting: Poisonous Vapours (safe; 4% risk of failure)
Confirm with . or Enter, or press ? or * to list all spells.
Aiming: Poisonous Vapours (safe; 4% risk of failure)
Press: ? - help, Dir - move target cursor, f - orc
Aim: an orc, wielding a +0 hand axe and quivering 5 silver boomerangs Poisonous vapours surround the orc!
The bat looks more healthy.
The bat hits you. The bat barely misses you. The bat closely misses you.
The orc is engulfed in poison gas.
The orc is poisoned.
The bat hits you but does no damage.
The orc priest invokes the aid of Beogh against you.
Beogh smites you! The bat closely misses you.
The orc priest invokes the aid of Beogh against you.
Beogh smites you!
You die...

..##...o......)
#.##.†..o†.....
#.##o)...o....o
#.##o##########
#.##.#######
#...o.......
##.#b#######
#.#.# #..@#
#...# #...#
#..># #####


You could see an orc priest, 2 orcs and a bat.

Vanquished Creatures
  A scorpion (D:4)
  2 hounds (D:4)
  An orc wizard (D:3)
  An iguana (D:4)
  A worker ant (D:4)
  An adder (Temple)
  2 oozes (D:2)
  A dart slug (D:4)
  A worm (D:2)
  2 leopard geckos (D:4)
  An orc (D:3)
  A giant cockroach (D:1)
  5 goblins
  2 hobgoblins
  7 jackals (D:4)
  2 quokkas (D:2)
  4 bats
  2 frilled lizards (D:2)
  3 kobolds
  3 rats (D:1)
43 creatures vanquished.

Notes
Turn   | Place    | Note
-------+----------+-------------------------------------------
     0 | D:1      | snowfan the Mummy Venom Mage began the quest for the Orb.
     0 | D:1      | Reached XP level 1. HP: 13/13 MP: 4/4
   186 | D:1      | Reached skill level 3 in Spellcasting
   299 | D:1      | Reached XP level 2. HP: 19/19 MP: 2/6
   304 | D:1      | Learned a level 2 spell: Poisonous Vapours
   822 | D:2      | Reached skill level 4 in Spellcasting
  1188 | D:2      | Reached XP level 3. HP: 24/24 MP: 3/8
  1328 | D:2      | You fall into a shaft and drop 2 floors!
  1337 | D:4      | Found a staircase to the Ecumenical Temple.
  1346 | Temple   | Entered the Ecumenical Temple
  1383 | Temple   | Became a worshipper of Vehumet
  1425 | D:4      | Found Beudej's Antique Armour Emporium.
  1428 | D:4      | Reached skill level 5 in Spellcasting
  1428 | D:4      | Reached XP level 4. HP: 30/30 MP: 4/11
  1520 | D:4      | Reached skill level 6 in Spellcasting
  1612 | D:4      | Reached XP level 5. HP: 35/35 MP: 3/14
  1725 | D:4      | Reached skill level 7 in Spellcasting
  1762 | D:4      | Learned a level 3 spell: Mephitic Cloud
  1968 | D:3      | Killed from afar by an orc priest

Illustrated notes

Levels and vault maps discovered:
D:1:      dpeg_arrival_water_temple_mockup, layout_loops_ring
D:2:      layout_loops_ring, lemuel_zombie_altar_kikubaaqudgha, xom_redecorated,
          makhleb_altar_promises_db, old_standard_altar, due_unseen_surprise,
          uniq_robin
D:3:      layout_basic, hellmonk_ghost_happy_afterlife, uniq_natasha
D:4:      layout_rooms, kennysheep_little_box, old_standard_altar,
          minmay_temple_entry_sparse_star, serial_shops, shop,
          lightli_ossuary_entry_decrepit_ruins
Temple:   chequers_temple_sunken

Skill      XL: |  1  2  3  4  5 |
---------------+----------------+-----
Spellcasting   | 3 4 5 6 7 |  7.6
Dodging        | |  1.5
Stealth        | |  1.5
Transmutations | |  0.7
Poison Magic   | |  2.4

Action                   |  1- 3 |  4- 6 || total
-------------------------+-------+-------++-------
Melee: Dagger            |     5 |       ||     5
 Fire: Hunting sling     |    18 |     8 ||    26
Throw: Stone             |     1 |       ||     1
 Cast: Sting             |    28 |     7 ||    35
       Poisonous Vapours |    10 |    25 ||    35
Armor: Robe              |     6 |    11 ||    17
Dodge: Dodged            |    24 |    20 ||    44
